 Dungeon Crawl Stone Soup version 0.21.1-1-g345015f (webtiles) character file.

795 yevrey the Grave Robber (level 7, -1/62 HPs)
             Began as a Deep Dwarf Necromancer on Apr 29, 2018.
             Slain by MollyMolluskus's ghost (8 damage)
             ... on level 3 of the Dungeon.
             The game lasted 00:30:01 (7349 turns).

yevrey the Grave Robber (Deep Dwarf Necromancer)    Turns: 7349, Time: 00:30:02

Health: -1/62      AC:  4    Str: 12    XL:     7   Next: 58%
Magic:  13/13      EV: 13    Int: 17    God:
Gold:   229        SH:  0    Dex: 13    Spells: 2/14 levels left

rFire    . . .     SeeInvis .   u - +1 flail (protect)
rCold    . . .     Gourm    .   (no shield)
rNeg     . . .     Faith    .   x - +0 leather armour
rPois    +         Spirit   .   (no helmet)
rElec    .         Reflect  .   h - +0 cloak
rCorr    .         Harm     .   (no gloves)
MR       +....                  (no boots)
Stlth    ++........             (no amulet)
HPRegen  0.00/turn              A - ring of poison resistance
MPRegen  0.13/turn              (no ring)

@: non-regenerating
A: damage resistance, heal wounds, sense surroundings 1, no regeneration
a: Heal Wounds


You were on level 3 of the Dungeon.
You were not hungry.

You visited 1 branch of the dungeon, and saw 5 of its levels.

You collected 229 gold pieces.

Inventory:

Hand Weapons
 d - a +2 short sword of flaming
 t - a +0 mace
 u - a +1 flail of protection (weapon)
 v - a +1 battleaxe
 y - the +10 rapier "Viymm" {drain, Str+3 Dex+2 Stlth+, unknown}
   (You took it off an orc wizard on level 4 of the Dungeon)

   A truly terrible weapon, it drains the life of those it strikes.
   It affects your strength (+3).
   It affects your dexterity (+2).
   It makes you more stealthy.
Armour
 a - a +0 robe
 h - a +0 cloak (worn)
 x - a +0 leather armour (worn)
Jewellery
 A - a ring of poison resistance (left hand)
Scrolls
 g - 2 scrolls of enchant weapon
 r - a scroll of magic mapping
Potions
 e - 2 potions of cancellation {unknown}
 i - a potion of berserk rage
 n - 3 potions of brilliance
 p - a potion of resistance {unknown}
 z - a potion of mutation {unknown}
 B - 2 potions of curing {unknown}
 C - a potion of agility {unknown}
Books
 b - a book of Necromancy

   Spells                             Type                      Level
   a - Pain                           Necromancy                   1
   b - Animate Skeleton               Necromancy                   1
   c - Vampiric Draining              Necromancy                   3
   d - Regeneration                   Charms/Necromancy            3
   e - Animate Dead                   Necromancy                   4
   f - Borgnjor's Vile Clutch         Necromancy/Earth             5
 f - a book of Misfortune

   Spells                             Type                      Level
   a - Confusing Touch                Hexes                        1
   b - Confuse                        Hexes                        3
   c - Gell's Gravitas                Translocation                3
   d - Petrify                        Transmutation/Earth          4
   e - Metabolic Englaciation         Hexes/Ice                    5
   f - Yara's Violent Unravelling     Hexes/Transmutation          5
Comestibles
 l - 6 rations


   Skills:
 * Level 3.0 Fighting
 + Level 1.9(2.3) Axes
 + Level 1.6(2.0) Maces & Flails
 + Level 1.0 Armour
 + Level 3.3 Dodging
 - Level 2.4 Stealth
 + Level 4.4 Spellcasting
 + Level 6.5 Necromancy


You had 2 spell levels left.
You knew the following spells:

 Your Spells              Type           Power        Failure   Level  Hunger
a - Pain                  Necr           ####         1%          1    None
b - Animate Skeleton      Necr           N/A          1%          1    None
c - Vampiric Draining     Necr           ####......   3%          3    ###....
d - Animate Dead          Necr           N/A          13%         4    ####...
e - Gell's Gravitas       Tloc           #.........   50%         3    ###....


Dungeon Overview and Level Annotations

Branches:
Dungeon (5/15)
 Temple: D:4-7

Altars:
Cheibriados
Okawaru
Wu Jian
Xom

Annotations:
D:3 MollyMolluskus's ghost, amateur OpFi


Innate Abilities, Weirdness & Mutations

You are resistant to damage.
You can heal yourself by infusing magical energy.
You passively map a small area around you.
You do not regenerate.


Message History

You thump MollyMolluskus's ghost!
MollyMolluskus's ghost is almost destroyed.
MollyMolluskus's ghost barely misses you.
MollyMolluskus's ghost hits you but does no damage.
You barely miss MollyMolluskus's ghost.
MollyMolluskus's ghost is almost destroyed.
MollyMolluskus's ghost completely misses you.
You miss MollyMolluskus's ghost.
MollyMolluskus's ghost is almost destroyed.
MollyMolluskus's ghost whispers, "The ORB doesn't exist."
MollyMolluskus's ghost hits you but does no damage.
You barely miss MollyMolluskus's ghost.
MollyMolluskus's ghost is almost destroyed.
MollyMolluskus's ghost hits you!
* * * LOW HITPOINT WARNING * * *
You miss MollyMolluskus's ghost.
MollyMolluskus's ghost is almost destroyed.
MollyMolluskus's ghost closely misses you.
MollyMolluskus's ghost hits you!
You die...

#...##.......### #.#.#
#....#.###.....# #.###
.........#[.##.####.#
..##.....#...#....#≈#
...#..##........#.#≈#
##.....#..##......#≈#
##.........#..##..#.#
...............#.##.##########
###.#.#.#......W@............#
###...#.#........###########.#
.....##.#####..#.# #..#.#
........(......#.# #..#.#
.....##.######.#># ####..#.#
.....##.# #.#.#####.....#.#
_......># ##..........#.##.#
........#####...........#..#.#
........'.w.#)#..######.#..#.#


You could see MollyMolluskus's ghost.

Vanquished Creatures
  The ghost of Spyfire242 the Ogre Mage, an amateur OgWz (D:4)
  An ogre (D:4)
  A bullfrog (D:4)
  An orc priest (D:4)
  4 orc wizards
  2 worker ants (D:4)
  12 adders
  An ooze (D:4)
  5 worms
  A dart slug (D:1)
  2 leopard geckos
  5 orcs
  5 bats
  4 giant cockroaches
  11 goblins
  16 hobgoblins
  9 jackals
  A ball python (D:2)
  4 frilled lizards
  14 kobolds
  A quokka zombie (D:2)
  9 rats
110 creatures vanquished.

Vanquished Creatures (collateral kills)
  A bat (D:1)
  A giant cockroach (D:1)
  A goblin (D:1)
  A jackal (D:2)
  A frilled lizard (D:3)
  A kobold (D:1)
  A rat (D:3)
7 creatures vanquished.

Vanquished Creatures (others)
  5 dream sheep (D:3)
5 creatures vanquished.

Grand Total: 122 creatures vanquished

Notes
Turn   | Place    | Note
-------+----------+-------------------------------------------
     0 | D:1      | yevrey the Deep Dwarf Necromancer began the quest for the Orb.
     0 | D:1      | Reached XP level 1. HP: 15/15 MP: 3/3
     2 | D:1      | Learned a level 1 spell: Animate Skeleton
   136 | D:1      | Reached XP level 2. HP: 22/24 MP: 0/4
   263 | D:2      | Reached skill level 5 in Necromancy
   435 | D:1      | Reached XP level 3. HP: 15/30 MP: 3/6
   608 | D:1      | Learned a level 3 spell: Vampiric Draining
  1714 | D:2      | Reached XP level 4. HP: 27/37 MP: 2/7
  1765 | D:2      | Reached skill level 1 in Fighting
  1837 | D:2      | Found a snail-covered altar of Cheibriados.
  2146 | D:2      | Found an iron altar of Okawaru.
  2378 | D:2      | Found a faded altar of an unknown god.
  2820 | D:2      | Found an ornate altar of the Wu Jian Council.
  2966 | D:3      | Noticed MollyMolluskus's ghost (amateur OpFi)
  3024 | D:2      | Reached XP level 5. HP: 36/44 MP: 1/9
  3229 | D:3      | Noticed a dream sheep
  3229 | D:3      | Noticed a dream sheep
  3229 | D:3      | Noticed a dream sheep
  3229 | D:3      | Noticed a dream sheep
  3229 | D:3      | Noticed a dream sheep
  3229 | D:3      | Found a shimmering altar of Xom.
  3234 | D:3      | Killed a dream sheep
  3236 | D:3      | Killed a dream sheep
  3236 | D:3      | Killed a dream sheep
  3236 | D:3      | Killed a dream sheep
  3236 | D:3      | Killed a dream sheep
  3731 | D:2      | Learned a level 4 spell: Animate Dead
  3845 | D:3      | Found a shimmering altar of Xom.
  5012 | D:4      | Reached skill level 1 in Maces & Flails
  5254 | D:3      | Reached XP level 6. HP: 11/52 MP: 3/11
  5500 | D:4      | Reached skill level 6 in Necromancy
  5588 | D:4      | Reached skill level 1 in Axes
  5599 | D:4      | Learned a level 3 spell: Gell's Gravitas
  5735 | D:5      | Entered Level 5 of the Dungeon
  5920 | D:4      | Reached XP level 7. HP: 39/61 MP: 2/13
  6103 | D:4      | Got a twisted rapier {drain}
  6372 | D:4      | Noticed Spyfire242's ghost (amateur OgWz)
  6980 | D:4      | Killed Spyfire242's ghost
  6980 | D:4      | Reached skill level 1 in Armour
  7349 | D:3      | Slain by MollyMolluskus's ghost

Skill      XL: |  1  2  3  4  5  6  7 |
---------------+----------------------+-----
Spellcasting   | 2 3 4 |  4.4
Necromancy     | 5 6 |  6.5
Fighting       | 1 2 3 |  3.0
Maces & Flails | 1 |  1.6
Axes           | 1 |  1.9
Dodging        | 3 |  3.3
Armour         | 1 |  1.0
Stealth        | |  2.4

Action                   |  1- 3 |  4- 6 |  7- 9 || total
-------------------------+-------+-------+-------++-------
Melee: Club              |   108 |    84 |       ||   192
       Mace              |       |    35 |       ||    35
       Battleaxe         |       |    41 |     4 ||    45
       Flail             |       |       |    36 ||    36
 Cast: Pain              |    22 |     3 |       ||    25
       Animate Skeleton  |    15 |    18 |       ||    33
       Vampiric Draining |    17 |    81 |     3 ||   101
 Abil: Heal Wounds       |       |       |     2 ||     2
  Use: Scroll            |       |     1 |    10 ||    11
       Potion            |       |     2 |       ||     2
 Stab: Sleeping          |     3 |     1 |       ||     4
  Eat: Chunk             |     2 |    15 |     2 ||    19
       Ration            |     1 |     2 |     1 ||     4
Armor: Robe              |    42 |    40 |     1 ||    83
       Leather armour    |       |       |    10 ||    10
Dodge: Dodged            |   116 |   156 |    24 ||   296
